AoeStats
← Immaez

Coastal Forest

510633845Analyzed
4v4 RM · 2d ago on Oct 1, 2026· 44m 12s· 8 players
Game mode
Random Map
Map size
Large (8 player)
Population
200
Speed
Normal
Resources
Standard
Victory
Conquest
Starting age
Dark Age
Ending age
Imperial Age
RankedLock teamsTeams togetherTeam positionsShared explorationLock speedFull tech treeHidden civsTurbo modeCheats
Victory
Defeat
🇹🇷 Malay · Türkiye
1006
+17
🇹🇷 Spanish · Türkiye
1005
+17
🇵🇱 Danes · Poland
1000
+51
🇪🇸 Magyars · Spain
965
+18
🇧🇷 Berbers · Brazil
1092
-20
🇦🇷 Burgundians · Argentina
1023
-17
🇺🇸 Persians · United States
988
-16
🇦🇷 Huns · Argentina
984
-16
Carone
4:12 Loom
12:01 Feudal Age
15:24 Double-Bit Axe
18:22 Castle Age
18:21 Scale Barding Armor
19:46 Wheelbarrow
26:14 Horse Collar
27:29 Chain Barding Armor
30:19 Hand Cart
31:02 Heavy Plow
31:00 Town Watch
34:28 Husbandry
34:39 Bloodlines
38:25 Imperial Age
38:33 Cavalier
39:17 Scale Mail Armor
39:54 Plate Barding Armor
41:45 Paladin
DarkIce4999
11:06 Feudal Age
11:55 Double-Bit Axe
12:29 Horse Collar
13:48 Wheelbarrow
16:27 Loom
Nuhro
11:36 Feudal Age
10:44 Loom
15:56 Castle Age
14:55 Double-Bit Axe
15:05 Gold Mining
15:31 Fletching
19:07 Horse Collar
20:10 Fletching
27:13 Bow Saw
29:56 Wheelbarrow
35:32 Crossbowman
36:35 Thumb Ring
41:58 Imperial Age
39:50 Hand Cart
40:09 Padded Archer Armor
40:33 Town Watch
41:18 Bodkin Arrow
41:46 Heavy Plow
41:26 Elite Skirmisher
41:36 Arbalester
43:37 Conscription
44:52 Ballistics
Immaez
7:49 Loom
12:58 Feudal Age
16:57 Castle Age
14:44 Double-Bit Axe
18:34 Bow Saw
18:05 Horse Collar
18:48 Medium Warships
19:02 Heavy Plow
20:01 Scale Mail Armor
20:12 Forging
20:03 Squires
19:53 Arson
20:37 Bow Saw
22:38 Chain Mail Armor
24:21 Iron Casting
26:04 Wheelbarrow
25:15 Town Watch
27:27 Gold Mining
27:28 Stone Mining
28:16 Fletching
28:56 Bodkin Arrow
29:39 Gambesons
31:09 Ballistics
33:24 Hamask
35:19 Hand Cart
39:06 Imperial Age
37:10 Pikeman
38:05 Masonry
38:40 Gold Shaft Mining
39:17 Elite Jomsviking
40:18 Conscription
41:03 Plate Mail Armor
43:23 Blast Furnace
CapitanMOTA
8:50 Double-Bit Axe
11:10 Feudal Age
9:37 Horse Collar
11:41 Loom
13:29 Gold Mining
20:11 Heavy Plow
23:54 Castle Age
24:22 Gold Shaft Mining
23:38 Stone Mining
24:17 Cavalier
25:00 Husbandry
26:44 Scale Barding Armor
28:34 Forging
33:28 Bow Saw
38:59 Chain Barding Armor
42:30 Wheelbarrow
46:51 Imperial Age
Matthew 0911
6:14 Loom
10:10 Feudal Age
11:10 Double-Bit Axe
13:01 Town Watch
19:35 Castle Age
18:09 Gold Mining
18:03 Horse Collar
20:27 Fletching
21:23 Bow Saw
21:43 Bodkin Arrow
21:53 Stone Mining
22:41 Medium Warships
26:58 Gold Shaft Mining
27:01 Wheelbarrow
27:00 Careening
27:03 Clinker Construction
28:22 Hand Cart
29:02 Ballistics
32:52 Imperial Age
33:09 Heavy Plow
33:31 Kasbah
34:15 Heavy Warships
34:51 Conscription
36:30 Dry Dock
36:11 Elite Camel Archer
39:02 Maghrebi Camels
40:19 Crop Rotation
39:54 Bracer
39:55 Padded Archer Armor
40:42 Stone Shaft Mining
41:31 Leather Archer Armor
42:46 Chemistry
41:57 Siphons
42:15 Carvel Hull
43:03 Shipwright
43:24 Town Watch
44:04 Masonry
44:05 Fortified Wall
44:54 Ring Archer Armor
Fuzzytongue
11:34 Feudal Age
12:00 Horse Collar
13:07 Double-Bit Axe
16:29 Castle Age
14:53 Loom
20:55 Fletching
40:52 Bow Saw
41:43 Scale Barding Armor
41:58 Forging
42:57 Bloodlines
43:56 Husbandry
45:03 Iron Casting
44:56 Chain Barding Armor
九點半
7:13 Loom
16:02 Feudal Age
17:56 Fishing Lines
18:16 Double-Bit Axe
19:43 Wheelbarrow
24:05 Castle Age
25:59 Hand Cart
25:33 Town Watch
26:03 Bow Saw
27:46 Husbandry
28:28 Bloodlines
29:19 Gillnets
35:17 Marauders
35:35 Gold Mining
35:36 Stone Mining
37:16 Forging
37:11 Scale Barding Armor
37:51 Town Patrol
38:53 Gold Shaft Mining
41:05 Iron Casting
40:51 Chain Barding Armor
Connection lost

Rejoining the realm…

Still unreachable

The connection could not be restored.

Session expired

The server has moved on; the page needs a fresh start.